PL
FT. WORTH CATTLEMEN @ PANAMA CITY PIRANHAS
07/10/2024
 
TOP OF THE 1ST
Ft. Worth Cattlemen batting - Pitching for Panama City Piranhas : RHP Eduardo Capata
Pitching: RHP Eduardo Capata
Batting: LHB Ryan Westlake 0-0: Ball
1-0: Called Strike
1-1: Called Strike
1-2: Strikes out swinging
Batting: RHB Matt Sheppard 0-0: Ball
1-0: Ball
2-0: Fly out, F9 (Flyball, 9S)
Batting: RHB Júlio Maldonado 0-0: Fly out, F8 (Flyball, 89XD)
Top of the 1st over - 0 run(s), 0 hit(s), 0 error(s), 0 left on base; Ft. Worth 0 - Panama City 0
BOTTOM OF THE 1ST
Panama City Piranhas batting - Pitching for Ft. Worth Cattlemen : RHP Nicholas Wells
Pitching: RHP Nicholas Wells
Batting: RHB William Hull 0-0: Ball
1-0: Ball
2-0: Ball
3-0: Called Strike
3-1: SINGLE (Groundball, 6MD)
Batting: RHB Tim Barnes 0-0: Ball
1-0: Foul Ball, location: 2F
1-1: Called Strike
1-2: Strikes out swinging
Batting: RHB Armando Alvarado 0-0: Foul Ball, location: 2F
0-1: Ball
1-1: Ball
2-1: SINGLE (Flyball, 78M)
William Hull to second
Batting: LHB Ye Der 0-0: Ball
1-0: Ball
2-0: Foul Ball, location: 2F
2-1: Called Strike
2-2: Ball
3-2: Strikes out swinging
Batting: SHB Marc Talamante 0-0: Fly out, F7 (Flyball, 7M)
Bottom of the 1st over - 0 run(s), 2 hit(s), 0 error(s), 2 left on base; Ft. Worth 0 - Panama City 0
TOP OF THE 2ND
Ft. Worth Cattlemen batting - Pitching for Panama City Piranhas : RHP Eduardo Capata
Batting: RHB Bart Lewis 0-0: Called Strike
0-1: Foul Ball, location: 2F
0-2: Ball
1-2: Ball
2-2: SINGLE (Groundball, 4M)
Batting: RHB Enrique Pérez 0-0: Ball
1-0: Swinging Strike
1-1: Swinging Strike
1-2: Strikes out swinging
Batting: SHB Robby Day 0-0: Foul Ball, location: 2F
0-1: Ball
1-1: Ball
2-1: Ball
3-1: Fielders Choice at 2nd, 1-6 (Groundball, 13S)
Batting: RHB Luis Rivas 0-0: Called Strike
0-1: Ball
1-1: Foul Ball, location: 2F
1-2: Foul Ball, location: 2F
1-2: Ball
2-2: Ground out 5-3 (Groundball, 15S)
Top of the 2nd over - 0 run(s), 1 hit(s), 0 error(s), 1 left on base; Ft. Worth 0 - Panama City 0
BOTTOM OF THE 2ND
Panama City Piranhas batting - Pitching for Ft. Worth Cattlemen : RHP Nicholas Wells
Now at 1B: Orlando Trevino
Batting: LHB Floyd Long 0-0: Swinging Strike
0-1: Called Strike
0-2: Ball
1-2: Strikes out swinging
Batting: LHB Sergio Muńóz 0-0: Called Strike
0-1: Swinging Strike
0-2: Foul Ball, location: 2F
0-2: Ground out 6-3 (Groundball, 6)
Batting: LHB Herman Hayes 0-0: Ball
1-0: Foul Ball, location: 2F
1-1: Foul Ball, location: 2F
1-2: Foul Ball, location: 2F
1-2: Ball
2-2: Strikes out swinging
Bottom of the 2nd over - 0 run(s), 0 hit(s), 0 error(s), 0 left on base; Ft. Worth 0 - Panama City 0
TOP OF THE 3RD
Ft. Worth Cattlemen batting - Pitching for Panama City Piranhas : RHP Eduardo Capata
Batting: RHB Joey Morgan 0-0: Ball
1-0: Ball
2-0: Fly out, F4 (Popup, 4D)
Batting: RHB Dave King 0-0: Called Strike
0-1: Ball
1-1: Called Strike
1-2: Ball
2-2: Strikes out swinging
Batting: LHB Ryan Westlake 0-0: Foul Ball, location: 2F
0-1: Foul Ball, location: 2F
0-2: Ball
1-2: Ground out 1-3 (Groundball, 15)
Top of the 3rd over - 0 run(s), 0 hit(s), 0 error(s), 0 left on base; Ft. Worth 0 - Panama City 0
BOTTOM OF THE 3RD
Panama City Piranhas batting - Pitching for Ft. Worth Cattlemen : RHP Nicholas Wells
Batting: SHB Jorge González 0-0: Foul Ball, location: 2F
0-1: Ball
1-1: SINGLE (Flyball, 8LS)
Batting: RHB William Hull 0-0: Called Strike
0-1: Grounds into double play, 5-4-3 (Groundball, 5L)
Batting: RHB Tim Barnes 0-0: Foul Ball, location: 2F
0-1: Foul Ball, location: 2F
0-2: Foul Ball, location: 2F
0-2: Ball
1-2: Foul Ball, location: 2F
1-2: Strikes out swinging
Bottom of the 3rd over - 0 run(s), 1 hit(s), 0 error(s), 0 left on base; Ft. Worth 0 - Panama City 0
TOP OF THE 4TH
Ft. Worth Cattlemen batting - Pitching for Panama City Piranhas : RHP Eduardo Capata
Batting: RHB Matt Sheppard 0-0: Ground out 5-3 (Groundball, 56S)
Batting: RHB Júlio Maldonado 0-0: Called Strike
0-1: Foul Ball, location: 2F
0-2: Strikes out looking
Batting: LHB Orlando Trevino 0-0: Called Strike
0-1: Foul Ball, location: 2F
0-2: Ball
1-2: Fly out, F7 (Flyball, 7S)
Top of the 4th over - 0 run(s), 0 hit(s), 0 error(s), 0 left on base; Ft. Worth 0 - Panama City 0
BOTTOM OF THE 4TH
Panama City Piranhas batting - Pitching for Ft. Worth Cattlemen : RHP Nicholas Wells
Batting: RHB Armando Alvarado 0-0: Fly out, F8 (Flyball, 8RXD)
Batting: LHB Ye Der 0-0: Ball
1-0: Ball
2-0: SINGLE (Line Drive, 34)
Batting: SHB Marc Talamante 0-0: Ball
1-0: Called Strike
1-1: DOUBLE (Line Drive, 8LS)
Ye Der to third
Batting: LHB Floyd Long 0-0: Ball
1-0: Swinging Strike
1-1: Ball
2-1: SINGLE (Flyball, 7S)
Ye Der scores
Marc Talamante to third
Runner from 3rd tries for Home, SAFE, no throw or cutoff
Batting: LHB Sergio Muńóz 0-0: Called Strike
0-1: Ball
1-1: Grounds into double play, 4-6-3 (Groundball, 4)
Bottom of the 4th over - 2 run(s), 3 hit(s), 0 error(s), 0 left on base; Ft. Worth 0 - Panama City 2
TOP OF THE 5TH
Ft. Worth Cattlemen batting - Pitching for Panama City Piranhas : RHP Eduardo Capata
Batting: RHB Enrique Pérez 0-0: SINGLE (Flyball, 6MD)
Batting: SHB Robby Day 0-0: Ball
1-0: Called Strike
1-1: Swinging Strike
1-2: Strikes out swinging
Batting: RHB Luis Rivas 0-0: Swinging Strike
0-1: Foul Ball, location: 2F
0-2: Ball
1-2: Ball
2-2: Strikes out looking
Batting: RHB Joey Morgan 0-0: Ball
1-0: Called Strike
1-1: Swinging Strike
1-2: Foul Ball, location: 2F
1-2: Fly out, F8 (Flyball, 8LXD)
Top of the 5th over - 0 run(s), 1 hit(s), 0 error(s), 1 left on base; Ft. Worth 0 - Panama City 2
BOTTOM OF THE 5TH
Panama City Piranhas batting - Pitching for Ft. Worth Cattlemen : RHP Nicholas Wells
Batting: LHB Herman Hayes 0-0: Ball
1-0: Ball
2-0: Fly out, F8 (Flyball, 8RXD)
Batting: SHB Jorge González 0-0: Called Strike
0-1: Ball
1-1: Foul Ball, location: 2F
1-2: Foul Ball, location: 2F
1-2: Ground out U3 (Groundball, 3)
Batting: RHB William Hull 0-0: Ball
1-0: Ball
2-0: Called Strike
2-1: Called Strike
2-2: Foul Ball, location: 2F
2-2: Strikes out swinging
Bottom of the 5th over - 0 run(s), 0 hit(s), 0 error(s), 0 left on base; Ft. Worth 0 - Panama City 2
TOP OF THE 6TH
Ft. Worth Cattlemen batting - Pitching for Panama City Piranhas : RHP Eduardo Capata
Batting: RHB Dave King 0-0: Foul Ball, location: 2F
0-1: Ball
1-1: SINGLE (Line Drive, 56)
Batting: LHB Ryan Westlake 0-0: Ball
1-0: Ball
2-0: Foul Ball, location: 2F
2-1: SINGLE (Groundball, 4MD)
Dave King to second
Batting: RHB Matt Sheppard 0-0: DOUBLE (Line Drive, 7LM)
Dave King scores
Ryan Westlake to third
Batting: RHB Júlio Maldonado 0-0: Called Strike
0-1: Foul Ball, location: 2F
0-2: Ball
1-2: Ball
2-2: Fly out, F7 (Flyball, 7D)
Runner from 3rd tags up, SCORES, no throw
Matt Sheppard to third
Batting: LHB Orlando Trevino 0-0: Ball
1-0: DOUBLE (Line Drive, 7LM)
Matt Sheppard scores
Batting: RHB Enrique Pérez 0-0: Ball
1-0: Reached on error, E5 (Groundball, 56S)
Orlando Trevino scores
Batting: SHB Robby Day 0-0: Ball
1-0: Fly out, F6 (Popup, 56D)
Batting: RHB Luis Rivas 0-0: Swinging Strike
0-1: Ground out 5-3 (Groundball, 56)
Top of the 6th over - 4 run(s), 4 hit(s), 1 error(s), 1 left on base; Ft. Worth 4 - Panama City 2
BOTTOM OF THE 6TH
Panama City Piranhas batting - Pitching for Ft. Worth Cattlemen : RHP Nicholas Wells
Batting: RHB Tim Barnes 0-0: Fly out, F8 (Flyball, 8LM)
Batting: RHB Armando Alvarado 0-0: Called Strike
0-1: Swinging Strike
0-2: Strikes out swinging
Batting: LHB Ye Der 0-0: Called Strike
0-1: Ball
1-1: Foul Ball, location: 2F
1-2: Ball
2-2: Ball
3-2: SOLO HOME RUN (Flyball, 89XD), Distance : 415 ft
Batting: SHB Marc Talamante 0-0: Called Strike
0-1: Foul Ball, location: 2F
0-2: Foul Ball, location: 2F
0-2: Ground out 4-3 (Groundball, 4)
Bottom of the 6th over - 1 run(s), 1 hit(s), 0 error(s), 0 left on base; Ft. Worth 4 - Panama City 3
TOP OF THE 7TH
Ft. Worth Cattlemen batting - Pitching for Panama City Piranhas : RHP Eduardo Capata
Batting: RHB Joey Morgan 0-0: Called Strike
0-1: SOLO HOME RUN (Flyball, 78XD), Distance : 391 ft
Pitching: RHP Dave Tomlinson
Batting: RHB Dave King 0-0: Ground out 4-3 (Groundball, 4M)
Batting: LHB Ryan Westlake 0-0: Called Strike
0-1: Ball
1-1: SINGLE (Line Drive, 6MD)
Batting: RHB Matt Sheppard 0-0: Ball
1-0: Called Strike
1-1: Called Strike
1-2: Ball
2-2: Strikes out swinging
Batting: RHB Júlio Maldonado 0-0: Foul Ball, location: 2F
0-1: Foul Ball, location: 2F
0-2: Ball
1-2: Ball
2-2: DOUBLE (Flyball, 78D)
Ryan Westlake to third
Runner from 3rd tries for Home, SAFE, no throw or cutoff
Batting: LHB Orlando Trevino 0-0: Ball
1-0: Ball
2-0: Called Strike
2-1: Ball
3-1: Base on Balls
Batting: RHB Enrique Pérez 0-0: Called Strike
0-1: Foul Ball, location: 2F
0-2: Foul Ball, location: 2F
0-2: Foul Ball, location: 2F
0-2: 3-RUN HOME RUN (Line Drive, 8LXD), Distance : 451 ft
Pitching: RHP Gunner Hardy
Batting: SHB Robby Day 0-0: Ball
1-0: Foul Ball, location: 2F
1-1: Ball
2-1: Swinging Strike
2-2: Ball
3-2: SINGLE (Line Drive, 4M)
Batting: RHB Luis Rivas 0-0: Foul Ball, location: 2F
0-1: Ball
1-1: Foul Ball, location: 2F
1-2: Ball
2-2: SINGLE (Line Drive, 8LS)
Robby Day to second
Robby Day to third
Batting: RHB Joey Morgan 0-0: Foul Ball, location: 2F
0-1: Foul Ball, location: 2F
0-2: Ball
1-2: Foul Ball, location: 2F
1-2: Hit by Pitch
Luis Rivas to second
Batting: RHB Dave King 0-0: Called Strike
0-1: Called Strike
0-2: Ball
1-2: Foul Ball, location: 2F
1-2: Foul Ball, location: 2F
1-2: Foul Ball, location: 2F
1-2: Foul Ball, location: 2F
1-2: Ball
2-2: Fly out, F6 (Line Drive, 6)
Top of the 7th over - 5 run(s), 6 hit(s), 0 error(s), 3 left on base; Ft. Worth 9 - Panama City 3
BOTTOM OF THE 7TH
Panama City Piranhas batting - Pitching for Ft. Worth Cattlemen : RHP Nicholas Wells
Batting: LHB Floyd Long 0-0: Ball
1-0: Swinging Strike
1-1: Foul Ball, location: 2F
1-2: Strikes out swinging
Batting: LHB Sergio Muńóz 0-0: Ball
1-0: Swinging Strike
1-1: Fly out, F7 (Line Drive, 78S)
Batting: LHB Herman Hayes 0-0: Called Strike
0-1: Ground out 1-3 (Groundball, 13)
Bottom of the 7th over - 0 run(s), 0 hit(s), 0 error(s), 0 left on base; Ft. Worth 9 - Panama City 3
TOP OF THE 8TH
Ft. Worth Cattlemen batting - Pitching for Panama City Piranhas : RHP Gunner Hardy
Batting: LHB Ryan Westlake 0-0: Ball
1-0: Called Strike
1-1: Ball
2-1: SINGLE (Groundball, 6M)
Batting: RHB Matt Sheppard 0-0: Ball
1-0: Ball
2-0: Ball
3-0: Called Strike
3-1: Called Strike
3-2: Fielders Choice at 2nd, 6-4 (Groundball, 6M)
Batting: RHB Júlio Maldonado 0-0: Ball
1-0: Ball
2-0: Foul Ball, location: 2F
2-1: Ball
3-1: Base on Balls
Matt Sheppard to second
Batting: LHB Orlando Trevino 0-0: Ball
1-0: Ball
2-0: DOUBLE (Flyball, 7LM)
Matt Sheppard scores
Júlio Maldonado to third
Batting: RHB Enrique Pérez 0-0: Fly out, F8 (Line Drive, 8LD)
Runner from 3rd tags up, SCORES, no throw
Orlando Trevino to third
Batting: SHB Robby Day 0-0: Ball
1-0: Fly out, F9 (Flyball, 9D)
Top of the 8th over - 2 run(s), 2 hit(s), 0 error(s), 1 left on base; Ft. Worth 11 - Panama City 3
BOTTOM OF THE 8TH
Panama City Piranhas batting - Pitching for Ft. Worth Cattlemen : RHP Nicholas Wells
Batting: SHB Jorge González 0-0: Called Strike
0-1: Fly out, F6 (Popup, 6)
Batting: RHB William Hull 0-0: Swinging Strike
0-1: Swinging Strike
0-2: Strikes out swinging
Batting: RHB Tim Barnes 0-0: Swinging Strike
0-1: Ball
1-1: Swinging Strike
1-2: Foul Ball, location: 2F
1-2: Ball
2-2: Ground out 6-3 (Groundball, 6MS)
Bottom of the 8th over - 0 run(s), 0 hit(s), 0 error(s), 0 left on base; Ft. Worth 11 - Panama City 3
TOP OF THE 9TH
Ft. Worth Cattlemen batting - Pitching for Panama City Piranhas : RHP Gunner Hardy
Batting: RHB Luis Rivas 0-0: Called Strike
0-1: Swinging Strike
0-2: Ball
1-2: Strikes out swinging
Batting: RHB Joey Morgan 0-0: Foul Ball, location: 2F
0-1: Ball
1-1: Swinging Strike
1-2: Strikes out swinging
Batting: RHB Dave King 0-0: Ball
1-0: Foul Ball, location: 2F
1-1: Foul Ball, location: 2F
1-2: SINGLE (Groundball, 56D)
Batting: LHB Ryan Westlake 0-0: Swinging Strike
0-1: Ground out U3 (Groundball, 3S)
Top of the 9th over - 0 run(s), 1 hit(s), 0 error(s), 1 left on base; Ft. Worth 11 - Panama City 3
BOTTOM OF THE 9TH
Panama City Piranhas batting - Pitching for Ft. Worth Cattlemen : RHP Nicholas Wells
Batting: RHB Armando Alvarado 0-0: Called Strike
0-1: SINGLE (Groundball, 6MD)
Pitching: LHP Ron Anderson
Batting: LHB Ye Der 0-0: Ball
1-0: Ball
2-0: Ball
3-0: Called Strike
3-1: Foul Ball, location: 2F
3-2: Foul Ball, location: 2F
3-2: Strikes out swinging
Batting: SHB Marc Talamante 0-0: Foul Ball, location: 2F
0-1: Grounds into double play, 4-6-3 (Groundball, 4)
Bottom of the 9th over - 0 run(s), 1 hit(s), 0 error(s), 0 left on base; Ft. Worth 11 - Panama City 3
This league is powered by Out of the Park Baseball, the baseball management simulation game for PC, Mac and Linux
Monday, October 3rd, 2016 - OOTP Baseball 16.9 Build 39